 Dungeon Crawl Stone Soup version 0.30.0-29-ga12c61a403 (webtiles) character file.

Game seed: 4699196440665086108

1647 seaoflcl the Chopper (level 8, 0/70 HPs)
             Began as a Minotaur Fighter on June 13, 2023.
             Was an Initiate of Qazlal.
             Slain by a vampire (9 damage)
             ... on level 6 of the Dungeon.
             The game lasted 00:08:35 (6267 turns).

seaoflcl the Chopper (Minotaur Fighter)             Turns: 6267, Time: 00:08:36

Health: 0/70       AC: 16    Str: 23    XL:     8   Next: 67%
Magic:  0/16       EV:  5    Int:  5    God:    Qazlal [......]
Gold:   292        SH:  9    Dex: 10    Spells: 7/7 levels left

rFire   . . .        E - +5 flail "Atoal" {vamp, MP+9}
rCold   . . .        G - +0 kite shield
rNeg    + . .        r - +0 plate armour
rPois   .            (helmet restricted)
rElec   +            (no cloak)
rCorr   .            (no gloves)
SInv    .            b - +2 pair of boots
Will    .....        n - amulet "Ycuitig" {Spirit Drain rElec rN+} Stlth
                     (no ring)
HPRegen 0.31/turn    (no ring)
MPRegen 0.15/turn

%: guardian spirit
@: mighty
A: horns 2, retaliatory headbutt
a: Renounce Religion


You were on level 6 of the Dungeon.
You worshipped Qazlal.
Qazlal was noncommittal.
You visited 2 branches of the dungeon, and saw 7 of its levels.
You also visited: Sewer.

You collected 292 gold pieces.

Inventory:

Hand Weapons
 a - a +0 war axe
 E - the +5 flail "Atoal" (weapon) {vamp, MP+9}
   (You found it on level 5 of the Dungeon)

   MP:        It affects your magic capacity (+9).
Missiles
 f - 28 poisoned darts (quivered)
Armour
 b - a +2 pair of boots (worn)
 r - a +0 plate armour (worn)
 G - a +0 kite shield (worn)
Jewellery
 n - the amulet "Ycuitig" (around neck) {Spirit Drain rElec rN+}
   (You found it on level 2 of the Dungeon)

   [amulet of guardian spirit]

   It causes incoming damage to be divided between your reserves of health and
   magic.
   rElec:     It insulates you from electricity.
   rN:        It protects you from negative energy.
   Drain:     It drains your maximum health when unequipped.
 x - a ring of flight
Wands
 m - a wand of flame (18)
 q - a wand of roots (6)
 F - a wand of quicksilver (8)
Scrolls
 h - 5 scrolls of identify {unknown}
 j - 5 scrolls of teleportation {unknown}
 k - 2 scrolls of brand weapon {unknown}
 t - 3 scrolls of poison {unknown}
 v - 3 scrolls of fog {unknown}
 w - a scroll of enchant weapon {unknown}
 y - a scroll of magic mapping {unknown}
 A - 2 scrolls of enchant armour {unknown}
 D - a scroll of vulnerability {unknown}
 H - a scroll of acquirement {unknown}
Potions
 c - 2 potions of magic {unknown}
 e - a potion of cancellation {unknown}
 g - a potion of mutation {unknown}
 i - a potion of haste {unknown}
 l - a potion of invisibility {unknown}
 o - 3 potions of flight {unknown}
 p - 3 potions of heal wounds {unknown}
 s - a potion of ambrosia {unknown}
 u - a potion of curing {unknown}
 z - 2 potions of lignification {unknown}
 B - 2 potions of resistance {unknown}
 C - 2 potions of brilliance {unknown}
 I - a potion of degeneration {unknown}


   Skills:
 + Level 6.1 Fighting
 - Level 6.4(7.0) Axes
 * Level 3.9(5.7) Maces & Flails
 + Level 3.7 Throwing
 + Level 6.2 Armour
 + Level 6.1 Shields
 + Level 3.2 Evocations


You had 7 spell levels left.
You didn't know any spells.
Your spell library was empty.

Dungeon Overview and Level Annotations

Branches:
Dungeon (6/15)             Temple (1/1) D:4           Sewer (visited)

Altars:
Ashenzari
Fedhas
Nemelex Xobeh
Okawaru
Qazlal
Sif Muna
Trog
Uskayaw
Vehumet
Xom

Shops:
D:2 ?*[[   D:3 *   D:4 [

Annotations:
D:6 Edmund


Innate Abilities, Weirdness & Mutations

You have a pair of horns on your head.
You reflexively headbutt those who attack you in melee.


Message History

Something hits you but does no damage. Something bites you!
You hit Edmund. You headbutt Edmund.
Edmund is moderately wounded.
You block Edmund's attack. You block something's attack.
Something bites you but does no damage.
Edmund zaps a wand.
The puff of flame hits you. Something hits you but does no damage.
Something bites you but does no damage.
You barely miss Edmund.
Edmund is moderately wounded.
Edmund zaps a wand.
The puff of flame hits you. Something hits you but does no damage.
Something bites you but does no damage.
You hit Edmund but do no damage.
Edmund is moderately wounded.
Edmund zaps a wand.
The puff of flame hits you but does no damage.
Something hits you! Something bites you.
You barely miss Edmund.
Edmund is moderately wounded.
Edmund hits you but does no damage. Something hits you.
Something bites you but does no damage.
You closely miss Edmund.
Edmund is moderately wounded.
Edmund hits you but does no damage. Something hits you but does no damage.
Something bites you but does no damage.
You feel very mighty all of a sudden.
Edmund zaps a wand.
You block the puff of flame.
The now-empty wand crumbles to dust.
Something hits you but does no damage. Something bites you!
* * * LOW HITPOINT WARNING * * *
Something draws strength from your injuries!
You hit Edmund.
You feel better.
Edmund is moderately wounded.
You block Edmund's attack. Something hits you.
* * * LOW HITPOINT WARNING * * *
Something bites you.
* * * LOW HITPOINT WARNING * * *
Edmund hits you with a +1 flail of protection.
* * * LOW HITPOINT WARNING * * *
Something hits you!
You die...

#.# .###.##............ #)#
###..##...........#
...####)####..####..........#
.......⌠.....## ##........##
...####.####..## #.......###
#.#.###..# #..........
#.##.###.# #..#####... #.#
#{...# ###.## ..# ...
#.@..###....## ... ...
#.@......#...# ...
.................## .
.................##
....................##
..................#..#
........<.........#..##
##...########.....#...##
###..##....#


You could see Edmund.

Vanquished Creatures
  3 black bears (D:4)
  An ice beast (D:4)
  2 ogres (D:5)
  2 phantoms
  A kobold brigand (Sewer)
  A scorpion (D:5)
  3 crimson imps (D:5)
  A hound (D:5)
  8 iguanas
  2 scorpion zombies (D:3)
  2 sleepcaps
  6 orc wizards (D:6)
  Robin (D:1)
  4 gnolls
  6 adders
  2 river rats (Sewer)
  A white imp (D:6)
  An adder zombie (D:3)
  5 worms
  A dart slug (D:1)
  7 orcs (D:6)
  12 endoplasms
  A giant cockroach (D:1)
  13 hobgoblins
  3 quokkas (D:2)
  10 ball pythons
  4 bats
  4 frilled lizards
  9 goblins
  2 jackal skeletons (D:3)
  2 jackal zombies (D:3)
  10 kobolds
  A quokka skeleton (D:3)
  15 rats
146 creatures vanquished.

Notes
Turn   | Place    | Note
-------+----------+-------------------------------------------
     0 | D:1      | seaoflcl the Minotaur Fighter began the quest for the Orb.
     0 | D:1      | Reached XP level 1. HP: 19/19 MP: 0/0
    36 | D:1      | Reached XP level 2. HP: 24/27 MP: 1/1
   724 | D:2      | Noticed Robin
   730 | D:1      | Reached XP level 3. HP: 29/33 MP: 2/2
   776 | D:1      | Killed Robin
  1163 | D:2      | Found Ytzarph's Magic Scroll Shop.
  1176 | D:2      | Reached XP level 4. HP: 40/40 MP: 3/3
  1193 | D:2      | Found Qunuago's Assorted Antiques.
  1232 | D:2      | Identified the amulet "Ycuitig" {Spirit Drain rElec rN+}
  1296 | D:2      | Found Rieckem's Armour Emporium.
  1306 | D:2      | Reached skill level 1 in Throwing
  1675 | D:2      | Found Tuusti's Armour Boutique.
  1908 | D:3      | Found a faded altar of an unknown god.
  2140 | D:3      | Reached XP level 5. HP: 33/47 MP: 2/4
  2543 | D:3      | Noticed a phantom
  2544 | D:3      | Noticed a black bear
  2600 | D:3      | Found Bitsauv's General Store.
  2779 | D:4      | Noticed a phantom
  2797 | D:4      | Killed a phantom
  2798 | D:4      | Reached skill level 1 in Evocations
  2798 | D:4      | Reached XP level 6. HP: 51/53 MP: 5/5
  2803 | D:4      | Found Jatyja's Antique Armour Emporium.
  2959 | D:4      | Found a glowing drain.
  2968 | Sewer    | Entered a sewer
  3198 | Sewer    | Reached skill level 5 in Axes
  3685 | D:4      | Noticed an ice beast
  3692 | D:4      | Reached skill level 5 in Armour
  3697 | D:4      | Killed an ice beast
  3698 | D:4      | Reached skill level 5 in Fighting
  3698 | D:4      | Reached skill level 5 in Shields
  3698 | D:4      | Reached XP level 7. HP: 49/61 MP: 6/6
  3913 | D:4      | Found a bloodstained altar of Trog.
  4109 | D:4      | Found a staircase to the Ecumenical Temple.
  4493 | Temple   | Entered the Ecumenical Temple
  4594 | Temple   | Became a worshipper of Qazlal Stormbringer
  4839 | D:5      | Entered Level 5 of the Dungeon
  4843 | D:5      | Identified the +5 flail "Atoal" {vamp, MP+9}
  4943 | D:5      | Reached skill level 1 in Maces & Flails
  4981 | D:5      | Reached XP level 8. HP: 67/69 MP: 7/7
  5048 | D:5      | Found a shimmering altar of Xom.
  6250 | D:6      | Noticed Edmund
  6267 | D:6      | Slain by a vampire

Illustrated notes

Levels and vault maps discovered:
D:1:      dpeg_arrival_tiny_e, layout_loops_ring
D:2:      layout_loops_ring, serial_glass, glass_columns_b, glass_columns_c,
          serial_shops, shop, shop, nicolae_shop_behind_doors, shop,
          minmay_misc_feat_hallway, uniq_robin
D:3:      layout_rooms, ebering_ecumenical_altar_rust, serial_undead,
          serial_undead_b, serial_undead_a, serial_undead_a, serial_undead_a,
          serial_shops, shop, lightli_corner_chamber
D:4:      layout_gridville, trog_ov_bears_minmay,
          minmay_temple_entry_nine_rooms, serial_shops,
          nicolae_shop_hallway_stairs, cheibrodos_sewer_entry_bend,
          kennysheep_generic_room_14
D:5:      layout_basic, led_xom_imps
D:6:      minmay_flawed_box, layout_cave_pods, mainiacjoe_overflow_paths,
          zin_angel, kb_rosetta, uniq_menkaure, uniq_maggie, uniq_edmund
Temple:   nicolae_temple_colour_theory

Skill      XL: |  1  2  3  4  5  6  7  8 |
---------------+-------------------------+-----
Axes           | 3 4 5 6 |  6.4
Fighting       | 4 5 6 |  6.1
Armour         | 4 5 6 |  6.2
Shields        | 4 5 6 |  6.1
Throwing       | 1 2 3 |  3.7
Evocations     | 1 2 3 |  3.2
Maces & Flails | 1 3 |  3.9

Action                     |  1- 3 |  4- 6 |  7- 9 || total
---------------------------+-------+-------+-------++-------
  Melee: War axe           |    67 |   191 |    32 ||   290
         Headbutt          |     8 |    33 |    21 ||    62
         Flail             |       |       |    97 ||    97
    Use: Potion            |       |       |     1 ||     1
 Armour: Scale mail        |    40 |    11 |       ||    51
         Plate armour      |       |   118 |   146 ||   264
  Dodge: Dodged            |    36 |    61 |    36 ||   133
  Block: Buckler           |    23 |    41 |    28 ||    92
         Kite shield       |       |       |    28 ||    28
